Cogmind - Beta 13 @@@ ROGUE MODE // 2024.04.02 @ 13:57:39 Player: TheSecutor Result: Destroyed by G-47 Trooper with Particle Gun Performance ------------- Evolutions (1) 500 Regions Visited (3) 600 Robots Destroyed (13) 65 Value Destroyed (391) 391 Prototype IDs (2) 40 Alien Tech Used (0) 0 Bonus (0) 0 TOTAL SCORE: 1596 Bonus ------- None Cogmind --------- Core Integrity 0/400 Matter 300/300 Energy 297/300 System Corruption 0% Temperature Cool (9) Movement Core (750) Ox14 Location -9/Materials Parts ------- > --- POWER (1) -------- (None) > --- PROPULSION (2) --- (None) > --- UTILITY (4) ------ High-capacity Storage Unit Large Battery Signal Interpreter > --- WEAPON (2) ------- (None) > --- INVENTORY (20) --- Light Ion Engine Signal Interpreter Peak State ------------ > --- POWER ------------ Nuclear Core > --- PROPULSION ------- Aluminum Leg > --- UTILITY ---------- Medium Storage Unit Large Battery Signal Interpreter Long-range Tractor Beam > --- WEAPON ----------- Particle Gun Pulse Rifle > --- INVENTORY -------- Light Ion Engine Light Ion Engine Signal Interpreter [Rating: 15] Favorites ----------- Power Light Ion Engine Engine Light Ion Engine Power Core Nuclear Core Propulsion Aluminum Leg Leg Aluminum Leg Utility Signal Interpreter Device Sensor Array Storage Large Battery Processor Signal Interpreter Weapon Particle Gun Energy Gun Particle Gun Energy Cannon Advanced Beam Cannon Ballistic Gun Improved Assault Rifle Special Weapon Mining Laser Build | -11 -10 -10 -9 ------- Run | Yrd Mat Min Mat Slots Evolved 2 | . . . 2 Power . | . . . . Propulsion . | . . . . Utility 2 | . . . 2 Weapon . | . . . . Parts Attached 22 | 6 4 4 8 Power 3 | 1 . 1 1 Engine 2 | 1 . . 1 Core 1 | . . 1 . Reactor . | . . . . Propulsion 2 | 2 . . . Treads . | . . . . Leg 2 | 2 . . . Wheel . | . . . . Hover . | . . . . Flight . | . . . . Utility 9 | 1 2 1 5 Device 4 | . 1 1 2 Storage 4 | 1 . . 3 Processor 1 | . 1 . . Hackware . | . . . . Protection . | . . . . Artifact . | . . . . Weapon 8 | 2 2 2 2 Energy Gun 4 | 2 . 2 . Energy Cannon 1 | . . . 1 Ballistic Gun 1 | . . . 1 Ballistic Cannon . | . . . . Launcher . | . . . . Special Weapon 2 | . 2 . . Impact Weapon . | . . . . Slashing Weapon . | . . . . Piercing Weapon . | . . . . Special Melee Weapon . | . . . . Unidentified Prototypes 2 | . . . 2 Parts Lost 10 | . . 3 7 Power 1 | . . . 1 Propulsion 2 | . . 1 1 Utility 3 | . . 1 2 Weapon 4 | . . 1 3 Highest Loss Streak 7 | . . 3 7 To Critical Strikes . | . . . . Average Slot Usage (%) 88 | . 99 84 82 Engine 7 | . 14 7 . Core 5 | . . 6 9 Leg 18 | . 28 19 9 Device 11 | . 13 10 10 Storage 11 | . 7 . 22 Processor 10 | . 6 14 11 Energy Gun 20 | . 27 13 19 Special Weapon 3 | . 1 11 . Naked Turns . | . . . . Heaviest Build 57 | 11 12 14 57 Greatest Support 20 | 20 20 20 10 Greatest Overweight (x) 17 | 1 . 1 17 Average Overweight (x) . | . . . 4 Largest Inventory Capacity 20 | 8 8 5 20 Average Capacity 10 | 7 6 5 18 Most Carried 6 | . 5 5 6 Average Carried 3 | . 2 4 4 Final Capacity 20 | 8 5 5 20 Final Carried 5 | . 5 5 2 Class Distribution -------------------- 100% | Mutant Dominant Class ---------------- Mutant | -10/Materials Mutant | -10/Mines Mutant | -9/Materials Resources | -11 -10 -10 -9 ----------- Run | Yrd Mat Min Mat Matter Collected 454 | 192 78 63 121 Remotely 159 | . . 63 96 Salvage Created 318 | . 109 . 209 Parts 18 | . 8 . 10 Haulers Intercepted . | . . . . Recyclers Shooed 1 | . 1 . . Parts Field Recycled . | . . . . Retrieved Matter . | . . . . Parts Self-Destructed . | . . . . Prevented . | . . . . Kills | -11 -10 -10 -9 ------- Run | Yrd Mat Min Mat Combat Hostiles Destroyed 12 | . 5 2 5 Guns 9 | . 5 . 4 Cannons 3 | . . 2 1 Classes Destroyed 4 | . 2 . 2 Watcher 1 | . . . 1 Swarmer 3 | . 3 . . Grunt 8 | . 2 2 4 Duelist 1 | . . . 1 Best Kill Streak 5 | . 3 2 5 Combat Bots Only 5 | . 3 2 5 Max Kills in Single Turn 1 | . 1 1 1 Gunslinging . | . . . . Exploded . | . . . . Melee . | . . . . Uniques/NPCs Destroyed . | . . . . Combat | -11 -10 -10 -9 -------- Run | Yrd Mat Min Mat Hostile Shots Fired 152 | . 32 25 95 Missed 38 | . 14 7 17 Damage Taken 1434 | . 196 241 997 Core 511 | . 27 70 414 Absorbed by Shields . | . . . . Core Remaining (%) 80 | 100 . 61 . Volleys Fired 34 | 1 15 6 12 Largest 2 | 1 2 2 2 Hottest 200 | 40 90 200 128 Shots Fired 60 | 1 30 7 22 Gun 50 | 1 30 . 19 Cannon 3 | . . . 3 Launcher . | . . . . Special 7 | . . 7 . Kinetic 4 | . . . 4 Thermal 56 | 1 30 7 18 Explosive . | . . . . Electromagnetic . | . . . . Robot Hit Streak 10 | . 10 5 7 Robot Miss Streak 2 | . 2 2 1 Penetration Max . | . . . . Secondary Targets 2 | . 2 . . Max Gunslinging Chain 1 | . 1 . . Shots Hit Robots 41 | . 19 5 17 Core Hits 20 | . 8 3 9 Critical Kills . | . . . . Critical Parts Destroyed . | . . . . Critical Strikes 3 | . 2 . 1 Burn 3 | . 2 . 1 Melee Attacks . | . . . . Impact . | . . . . Slashing . | . . . . Piercing . | . . . . Sneak Attacks . | . . . . Combat Hostiles . | . . . . Follow-up Attacks . | . . . . Damage Inflicted 683 | . 237 168 278 Guns 473 | . 237 . 236 Cannons 42 | . . . 42 Explosions . | . . . . Melee . | . . . . Ramming . | . . . . Kinetic 45 | . . . 45 Thermal 638 | . 237 168 233 Explosive . | . . . . Electromagnetic . | . . . . Impact . | . . . . Slashing . | . . . . Piercing . | . . . . Highest Corruption 1 | . 1 1 . Average Corruption 1 | . 1 1 . Corruption Purged . | . . . . Corruption Blocked . | . . . . Effects 2 | . . 2 . Message Errors 1 | . . 1 . Matter Fused 1 | . . 1 . Overload Shots . | . . . . Overflow Damage . | . . . . Projectiles . | . . . . Explosions . | . . . . Melee . | . . . . Knockbacks . | . . . . Impact . | . . . . Kinetic . | . . . . Secondary . | . . . . Self-Inflicted Damage . | . . . . Shots . | . . . . Rammed . | . . . . Targets Rammed . | . . . . Kicked . | . . . . Crushed . | . . . . Highest Temperature 529 | . 282 291 529 Average Temperature 180 | . 131 157 246 Received Heat Transfer 837 | . 72 174 591 Effects 12 | . . 2 10 Shutdowns 2 | . . . 2 Energy Bleed 3 | . . 2 1 Interference 4 | . . . 4 Matter Decay 1 | . . . 1 Short Circuit 1 | . . . 1 Damage (minor) 1 | . . . 1 Siege Activations . | . . . . Robots Corrupted . | . . . . Combat Hostiles . | . . . . Parts Fried . | . . . . Impact Corruptions . | . . . . Robots Melted . | . . . . Combat Hostiles . | . . . . Parts Melted 4 | . 3 . 1 Heat Transferred 1710 | . 768 350 592 Parts Sabotaged . | . . . . Parts Stolen . | . . . . Parts Stripped . | . . . . Power Chain Reactions . | . . . . Alert | -11 -10 -10 -9 ------- Run | Yrd Mat Min Mat Peak Influence 120 | . 120 66 106 Initial 46 | . . 46 25 Average 53 | . 78 55 40 Maximum Alert Level . | . . . . Low Security (%) 100 | 100 100 100 100 Level 1 . | . . . . Level 2 . | . . . . Level 3 . | . . . . Level 4 . | . . . . Level 5 . | . . . . High Security . | . . . . Max Security . | . . . . Squads Dispatched 2 | . . 1 1 Investigation 1 | . . 1 . Extermination . | . . . . Reinforcement 1 | . . . 1 Assault . | . . . . Garrison . | . . . . Intercept . | . . . . Searches Triggered . | . . . . Construction Impeded . | . . . . Haulers Reinforced . | . . . . Active Scanning Responses . | . . . . Cargo Convoy Interrupts . | . . . . Stealth | -11 -10 -10 -9 --------- Run | Yrd Mat Min Mat Distress Signals 3 | . . . 3 Communications Jammed . | . . . . Distress Signals . | . . . . Times Spotted 23 | . 7 2 14 Peak Tracking Total 8 | . 3 2 8 Tactical Retreats . | . . . . Traps | -11 -10 -10 -9 ------- Run | Yrd Mat Min Mat Traps Triggered 1 | . 1 . . Indirectly . | . . . . Trap Hack Attempts . | . . . . Triggered . | . . . . Disarmed . | . . . . Reprogrammed . | . . . . Reused . | . . . . Traps Extracted . | . . . . Installed . | . . . . Triggered . | . . . . Machines | -11 -10 -10 -9 ---------- Run | Yrd Mat Min Mat Machines Disabled . | . . . . Max in Single Turn . | . . . . Machines Repaired . | . . . . Machines Dismantled . | . . . . Machines Sabotaged . | . . . . Overloaded Fab Kills . | . . . . Hacking | -11 -10 -10 -9 --------- Run | Yrd Mat Min Mat Machines Accessed 3 | . 1 1 1 Terminals 2 | . 1 . 1 Fabricators . | . . . . Repair Stations . | . . . . Recycling Units . | . . . . Scanalyzers . | . . . . Garrison Access . | . . . . Total Hacks 7 | . 4 1 2 Successful 5 | . 3 1 1 Failed 2 | . 1 . 1 Catastrophic . | . . . . Database Lockouts . | . . . . Manual . | . . . . Terminals 6 | . 4 . 2 Fabricators . | . . . . Repair Stations . | . . . . Recycling Units . | . . . . Scanalyzers . | . . . . Garrison Access . | . . . . Terminal Hacks 5 | . 3 1 1 Record 3 | . 3 . . Open Door 1 | . . 1 . Dispatch Records 1 | . . . 1 Fabricator Hacks . | . . . . Repair Station Hacks . | . . . . Recycling Unit Hacks . | . . . . Scanalyzer . | . . . . Garrison Access Hacks . | . . . . Unauthorized Hacks . | . . . . Terminals . | . . . . Fabricators . | . . . . Repair Stations . | . . . . Recycling Units . | . . . . Scanalyzers . | . . . . Garrison Access . | . . . . Data Cores Recovered . | . . . . Used . | . . . . Hacking Detections 2 | . 1 . 1 Full Trace Events 1 | . 1 . . Feedback Events . | . . . . Feedback Blocked . | . . . . Robot Schematics Acquired . | . . . . Robots Built . | . . . . Authchips . | . . . . Time . | . . . . Total Robot Build Rating . | . . . . Part Schematics Acquired . | . . . . Parts Built . | . . . . Authchips . | . . . . Time . | . . . . Total Part Build Rating . | . . . . Parts Repaired . | . . . . Time . | . . . . Parts Recycled . | . . . . Recycled Matter . | . . . . Retrieved Matter . | . . . . Retrieved Components . | . . . . Parts Scanalyzed . | . . . . Part Schematics Acquired . | . . . . Parts Damaged . | . . . . Bothacking | -11 -10 -10 -9 ------------ Run | Yrd Mat Min Mat Used RIF Installer . | . . . . Robots Hacked . | . . . . Non-combat . | . . . . Combat . | . . . . Robot Hacks Applied . | . . . . Relay Couplers Released . | . . . . Fabnet Peak Effective % . | . . . . Robots Rewired . | . . . . Allies Hacked . | . . . . Hacks Repelled . | . . . . Allies | -11 -10 -10 -9 -------- Run | Yrd Mat Min Mat Total Allies . | . . . . Largest Group . | . . . . Highest-Rated Group . | . . . . Highest-Rated Ally . | . . . . Total Orders . | . . . . Ally Attacks . | . . . . Total Damage . | . . . . Kills . | . . . . Allies Corrupted . | . . . . Allies Melted . | . . . . Intel | -11 -10 -10 -9 ------- Run | Yrd Mat Min Mat Robot Analysis Total . | . . . . Derelict Logs Recovered 1 | . . 1 . Drone Launches . | . . . . Drone Recoveries . | . . . . Exploration | -11 -10 -10 -9 ------------- Run | Yrd Mat Min Mat Turns Passed 903 | 56 276 229 342 Spaces Moved 427 | 39 183 136 69 Core 7 | 3 . . 4 Treads . | . . . . Legs 420 | 36 183 136 65 Wheels . | . . . . Hover . | . . . . Flight . | . . . . Fastest Speed 50 | 50 120 120 260 Average Speed 177 | 117 120 144 431 Slowest Speed 900 | 120 120 190 900 Overloaded Moves . | . . . . Propulsion Burnouts . | . . . . Robots Hopped . | . . . . Cave-ins Triggered . | . . . . Exploration Rate (%) 20 | 3 39 31 9 Regions Visited 3 Branch Regions 1 Pre-discovered Areas 1 | . . 1 . Known Exits Taken 2 | . 1 1 . Unknown Exits Taken 1 | 1 . . . Scrap Searched . | . . . . Spaces Dug . | . . . . Terrain Destroyed . | . . . . Melee . | . . . . Projectile . | . . . . AOE . | . . . . Terrain Rammed . | . . . . Walls Destroyed . | . . . . Machines Disabled . | . . . . Actions | -11 -10 -10 -9 --------- Run | Yrd Mat Min Mat Total 496 | 45 208 148 95 Wait . | . . . . Move 424 | 38 182 135 69 Hop . | . . . . Pick Up 10 | . 5 1 4 Fast Attach 11 | 6 3 2 . Attach 7 | . . 1 6 Detach . | . . . . Swap 4 | . 1 1 2 Drop 6 | . 2 2 2 Fire 34 | 1 15 6 12 Melee . | . . . . Ram . | . . . . Kick . | . . . . Crush . | . . . . Escape Stasis . | . . . . Rewire . | . . . . Trap . | . . . . Miscellaneous . | . . . . Route ------- -11/Scrapyard -10/Materials -10/Mines -9/Materials History --------- Turn | Location | Event 22 | -11/Scrapyard | Discovered new exit (range 16) 57 | -11/Scrapyard | Entered Materials 222 | -10/Materials | Discovered new exit (range 16) 304 | -10/Materials | Build established: Mutant 332 | -10/Materials | Identified exit to Mines 333 | -10/Materials | Entered Mines 401 | -10/Mines | Met a Derelict bent on vengeance 442 | -10/Mines | Learned location of Zion (-7) 451 | -10/Mines | Lost 3 parts (1n1u1w) 459 | -10/Mines | Met a Derelict shopkeep closing up shop 524 | -10/Mines | Discovered new exit (range 14) 560 | -10/Mines | Identified exit to Materials 562 | -10/Mines | Entered Materials 562 | -9/Materials | Evolved 2 slots: Utility x2 874 | -9/Materials | Core integrity fell below 50% 895 | -9/Materials | Core integrity fell below 20% 904 | -9/Materials | Destroyed by G-47 Trooper with Particle Gun Last Messages --------------- Acquired 4 matter. Overheating: Imp. Assault Rifle damaged (-63). Overheating: Matter decay (-39). Acquired 30 matter. Acquired 9 matter. K-01 Serf collects debris. K-01 Serf cleans the Terminal. G-34 Mercenary destroyed. T-07 Excavator destroyed. Dropped Broken Adv. Beam Cannon. Acquired 3 matter. Imp. Assault Rifle destroyed. K-01 Serf collects debris. Overheating: Energy bleed (-33). K-01 Serf collects debris. Critical hit (Burn: +37). Lgt. Ion Engine destroyed. K-01 Serf collects debris. Lrn. Tractor Beam destroyed. K-01 Serf collects debris. Map ----- +----------------------------------------------------+ | ?????????????????????????????????????????????????? | | ?????????????????????????????????????????????????? | | ?????????????????????????????????????????????????? | | ?????????????????????????????????????????????????? | | ?????????????????????????????????????????????????? | | ?????????????????????????????????????????????????? | | ?????????????????????????????????????????????????? | | ?????????????????????????????????????????????????? | | ?????????????????????????????????????????????????? | | ?????????????????????????????????????????????????? | | ?????????????????????????????????????????????????? | | ?????????????????????#####???????????????????????? | | ?????????????????? T ???????????????????????? | | ??????????????????? ???????????????????????? | | ?????????????????? t ???????????????????????? | | ??????????????????"" ???????????????????????? | | ??????????????? """" #??????????????????????? | | ??????????????? """" a #??????????????????????? | | ???????????????? +??????????????????????? | | ????????????????? [ #??????????????????????? | | ????????????????"""" * #??????????????????????? | | ?????????????" """" ##?????????????????????? | | ???????????""" """" k #?????????????????????? | | ?????????? kg #?????????????????????? | | ?????????? === +?????????????????????? | | ?????????? u !%%@ #?????????????????????? | | ?????????????????#####*u* #?????????????????????? | | ?????????????????????##g!k##?????????????????????? | | ??????????????????????#%!%#??????????????????????? | | ??????????????????????#=k #??????????????????????? | | ??????????????????????#% #??????????????????????? | | ??????????????????????# #??????????????????????? | | ???????????############ #??????????????????????? | | ???????????# ! ## % #??????????????????????? | | ???????????# ## ##########?????????????? | | ???????????# """ ## # [ #?????????????? | | ???????????# """ ## # #?????????????? | | ???????????# "" """ ## a # #?????????????? | | ???????????# "T ## # #?????????????? | | ???????????# "" + + #?????????????? | | ???????????# ## # #?????????????? | | ???????????####/########### #?????????????? | | ????????????# #???????# #?????????????? | | ????????????# #???????# #?????????????? | | ?????######## #???????##########?????????????? | | #??????????????????????????????? | | ?????######## #??????????????????????????????? | | ????????????## ##??????????????????????????????? | | ?????######??# #???????????????????????????????? | | ?????# # #???????????????????????????????? | +----------------------------------------------------+ Best States ------------- Heat Dissipation 28 Energy Generation 14 Energy Capacity 440 Matter Stores 300 Matter Capacity 300 Sight Range 16 Robot Scan Range 14 Terrain Scan Density 10 Evasion (%) 55 Item Schematics ----------------- None Robot Schematics ------------------ None Fabricated ------------ Nothing Alien Tech Used ----------------- None Achievements -------------- Risk Taker Use The Force Challenges ------------ None Game ------ Seed CloakingThunderSlayer Manual? 0 Play Time 00:09:41 Cumulative 1.4 hours Start 2024.04.02 @ 13:47:13 End 2024.04.02 @ 13:57:39 Sessions 1 Manual Loads 0 Difficulty Rogue Special Mode None Game No. 3 Rogue 3 Adventurer 0 Explorer 0 Win Type - Total 0 Types 0/0/0/0/0/0/0/0/0 Lore% 1 Gallery% 7 Achievement% 6 Wizard Run 0 Options --------- Layout 1 ASCII 0 Keyboard 0 Movement Mouse Keybinds 0 Fullscreen 1 Font 24/Smallcaps Map View 50x35 Zoom Use 0% Tactical HUD 0 Map Filters NONE Filters NONE Steam 1 RUN: 015159f1-95f3-46e5-b89f-ea06963285b6